 Dungeon Crawl Stone Soup version 0.20.1-1-g8b1a95d (webtiles) character file.

261 McKennaii the Conjurer (level 5, -3/38 HPs)
             Began as a Draconian Conjurer on July 30, 2017.
             Was an Initiate of Sif Muna.
             Slain by a centaur (4 damage)
             ... on level 5 of the Dungeon.
             The game lasted 00:07:24 (4571 turns).

McKennaii the Conjurer (Draconian Conjurer)         Turns: 4571, Time: 00:07:25

Health: -3/38      AC:  7    Str: 10    XL:     5   Next: 96%
Magic:  0/10       EV: 12    Int: 17    God:    Sif Muna [......]
Gold:   250        SH:  0    Dex: 11    Spells: 6/11 levels left

rFire    . . .     SeeInvis .   (no weapon)
rCold    . . .     Gourm    .   (no shield)
rNeg     . . .     Faith    .   (armour unavailable)
rPois    .         Spirit   .   (helmet restricted)
rElec    .         Reflect  .   l - +1 cloak
rCorr    .         Harm     .   (no gloves)
MR       .....                  (no boots)
Stlth    ++........             (no amulet)
Regen    0.2/turn               (no ring)
MPRegen  0.2/turn               (no ring)

@: no status effects
A: unfitting armour, cold-blooded, AC +5
a: Renounce Religion


You were on level 5 of the Dungeon.
You worshipped Sif Muna.
Sif Muna was noncommittal.
You were near starving.

You visited 2 branches of the dungeon, and saw 6 of its levels.

You collected 250 gold pieces.

Inventory:

Armour
 l - a +1 cloak (worn)
Wands
 q - a wand of confusion (14/48)
Scrolls
 c - 9 scrolls of identify {unknown}
 d - 2 scrolls of enchant armour {unknown}
 e - a scroll of recharging {unknown}
 f - a scroll of amnesia {unknown}
 g - a scroll of teleportation {unknown}
 i - a scroll of immolation {unknown}
 n - a scroll of fear {unknown}
 p - 2 scrolls of remove curse {unknown}
 s - a scroll of blinking {unknown}
 t - a scroll of fog {unknown}
Potions
 k - a potion of invisibility
 o - 2 potions of curing {unknown}
 r - a potion of agility {unknown}
Books
 a - a book of Conjurations

   Spells                             Type                      Level
   a - Magic Dart                     Conjuration                  1
   b - Searing Ray                    Conjuration                  2
   c - Dazzling Spray                 Conjuration/Hexes            3
   d - Fulminant Prism                Conjuration/Hexes            4
   e - Force Lance                    Conjuration/Translocation    4
   f - Iskenderun's Mystic Blast      Conjuration                  4
Comestibles
 b - 4 bread rations
 h - 4 meat rations
 j - 3 royal jellies
 m - a fruit


   Skills:
 + Level 0.2 Fighting
 + Level 2.4 Dodging
 + Level 2.3 Stealth
 + Level 3.6 Spellcasting
 + Level 5.8 Conjurations
 * Level 0.2 Invocations


You had 6 spell levels left.
You knew the following spells:

 Your Spells              Type           Power        Failure   Level  Hunger
a - Magic Dart            Conj           ###.         1%          1    None
b - Iskenderun's Mystic   Conj           ###.....     14%         4    ####...


Dungeon Overview and Level Annotations

Branches:
Dungeon (5/15)             Temple (1/1) D:4

Altars:
Cheibriados
Elyvilon
Fedhas
Gozag
Kikubaaqudgha
Makhleb
Nemelex Xobeh
Okawaru
Ru
Sif Muna
Trog
Uskayaw
Vehumet
Xom
Yredelemnul
The Shining One


Innate Abilities, Weirdness & Mutations

Your plain brown scales are hard. (AC +5)
You cannot fit into any form of body armour.
You are cold-blooded and may be slowed by cold attacks.


Message History

The centaur shoots an arrow.
The arrow hits you.
The centaur shoots an arrow.
The arrow hits you!
* * * LOW HITPOINT WARNING * * *
Casting: Magic Dart
Confirm with . or Enter, or press ? or * to list all spells.
Aiming: Magic Dart
Press: ? - help, Shift-Dir - straight line, f/p - centaur
Aim: a centaur, wielding a shortbow (severely wounded)
The magic dart hits the centaur.
The centaur is severely wounded.
You hit the centaur.
The centaur is severely wounded.
The centaur unwields an uncursed shortbow.
The centaur hits you.
* * * LOW HITPOINT WARNING * * *
You hit the centaur.
You tail-slap the centaur, but do no damage.
The centaur is severely wounded.
The centaur hits you.
You die...

#### ..<#
...############
..............#
....#.#.#####.#
...)..#># ##.##
....###.#
#...#####
........#
#....@c.#
#########
#...###(# #####
#.# #.# #.# ...
#.# #c# ..#


You could see a centaur.

Vanquished Creatures
  A hound (D:4)
  An orc wizard (D:3)
  An orc priest (D:4)
  8 adders
  A shadow imp (D:5)
  An ooze (D:3)
  A worm (D:2)
  A dart slug (D:1)
  2 leopard geckos
  5 orcs (D:3)
  3 giant cockroaches
  10 goblins
  9 hobgoblins
  7 jackals
  7 kobolds
  4 quokkas
  5 bats
  5 frilled lizards
  13 rats
85 creatures vanquished.

Notes
Turn   | Place    | Note
-------+----------+-------------------------------------------
     0 | D:1      | McKennaii the Draconian Conjurer began the quest for the Orb.
     0 | D:1      | Reached XP level 1. HP: 14/14 MP: 3/3
   330 | D:1      | Reached XP level 2. HP: 20/20 MP: 0/5
  1267 | D:2      | Reached XP level 3. HP: 26/26 MP: 3/6
  1376 | D:2      | Reached skill level 5 in Conjurations
  1859 | D:2      | Reached XP level 4. HP: 33/33 MP: 1/7
  2719 | D:3      | Found a bloodstained altar of Trog.
  2720 | D:3      | Found a white marble altar of Elyvilon.
  2894 | D:3      | Reached XP level 5. HP: 38/38 MP: 5/9
  3902 | D:4      | Found a staircase to the Ecumenical Temple.
  3917 | Temple   | Entered the Ecumenical Temple
  4024 | Temple   | Became a worshipper of Sif Muna the Loreminder
  4116 | D:4      | Learned a level 4 spell: Iskenderun's Mystic Blast
  4530 | D:5      | Entered Level 5 of the Dungeon
  4561 | D:5      | Noticed a centaur
  4570 | D:5      | HP: 1/38 [centaur (3)]
  4571 | D:5      | Slain by a centaur

Skill      XL: |  1  2  3  4 |
---------------+-------------+-----
Conjurations   | 5 |  5.8
Stealth        | 2 |  2.3
Dodging        | 2 |  2.4
Spellcasting   | 3 |  3.6
Fighting       | |  0.2
Invocations    | |  0.2

Action                   |  1- 3 |  4- 6 || total
-------------------------+-------+-------++-------
Melee: Unarmed           |    31 |    31 ||    62
       Tailslap          |     3 |     4 ||     7
 Cast: Magic Dart        |    72 |   116 ||   188
       Iskenderun's Myst |       |     1 ||     1
  Use: Potion            |       |     3 ||     3
  Eat: Chunk             |     4 |     7 ||    11
Armor: Skin              |    12 |    17 ||    29
Dodge: Dodged            |    15 |    49 ||    64
